 Dungeon Crawl Stone Soup version 0.20.1-1-g8b1a95d (webtiles) character file.

144 letownia2 the Grave Robber (level 5, -3/42 HPs)
             Began as a Deep Dwarf Necromancer on Nov 1, 2017.
             Slain by an ogre
             ... wielding a +0 giant spiked club
              (8 damage)
             ... on level 5 of the Dungeon.
             The game lasted 00:05:16 (1699 turns).

letownia2 the Grave Robber (Deep Dwarf Necromancer) Turns: 1699, Time: 00:05:17

Health: -3/42      AC:  8    Str: 11    XL:     5   Next: 5%
Magic:  0/8        EV: 11    Int: 17    God:
Gold:   124        SH:  0    Dex: 13    Spells: 4/8 levels left

rFire    . . .     SeeInvis .   u - +0 dagger
rCold    . . .     Gourm    .   (no shield)
rNeg     . . .     Faith    .   e - +0 ring mail
rPois    .         Spirit   .   (no helmet)
rElec    .         Reflect  .   x - +0 cloak
rCorr    .         Harm     .   r - +0 pair of gloves
MR       .....                  q - +0 pair of boots
Stlth    +.........             (no amulet)
Regen    0.0/turn               (no ring)
MPRegen  0.2/turn               (no ring)

@: very slightly contaminated, non-regenerating
A: damage resistance, heal wounds, sense surroundings 1, no regeneration
a: Heal Wounds


You were on level 5 of the Dungeon.
You were very hungry.

You visited 1 branch of the dungeon, and saw 5 of its levels.

You collected 124 gold pieces.

Inventory:

Hand Weapons
 a - a +0 whip
 s - a +0 war axe
 u - a +0 dagger (weapon)
 v - a +0 hunting sling
Missiles
 k - a tomahawk (quivered)
Armour
 e - a +0 ring mail (worn)
 j - a +0 robe
 q - a +0 pair of boots (worn)
 r - a +0 pair of gloves (worn)
 t - a +0 scale mail
 x - a +0 cloak (worn)
Scrolls
 f - 2 scrolls of magic mapping {unknown}
 n - a scroll of amnesia {unknown}
 o - a scroll of remove curse {unknown}
 y - a scroll of identify {unknown}
Potions
 g - a potion of degeneration {unknown}
 m - a potion of might {unknown}
 p - a potion of brilliance {unknown}
 w - 2 potions of agility {unknown}
Books
 b - a book of Necromancy

   Spells                             Type                      Level
   a - Pain                           Necromancy                   1
   b - Animate Skeleton               Necromancy                   1
   c - Vampiric Draining              Necromancy                   3
   d - Regeneration                   Charms/Necromancy            3
   e - Animate Dead                   Necromancy                   4
   f - Control Undead                 Necromancy                   4
 l - a book of Conjurations

   Spells                             Type                      Level
   a - Magic Dart                     Conjuration                  1
   b - Searing Ray                    Conjuration                  2
   c - Dazzling Spray                 Conjuration/Hexes            3
   d - Fulminant Prism                Conjuration/Hexes            4
   e - Force Lance                    Conjuration/Translocation    4
   f - Iskenderun's Mystic Blast      Conjuration                  4
Comestibles
 c - a bread ration
 d - a royal jelly
 h - 4 fruits
 i - 3 meat rations


   Skills:
 + Level 0.0 Armour
 - Level 2.1 Dodging
 - Level 2.4 Stealth
 - Level 2.1 Spellcasting
 + Level 6.8 Necromancy


You had 4 spell levels left.
You knew the following spells:

 Your Spells              Type           Power        Failure   Level  Hunger
a - Pain                  Necr           ####         2%          1    #......
v - Vampiric Draining     Necr           ####......   9%          3    ###....


Dungeon Overview and Level Annotations

Branches:
Dungeon (5/15)
 Temple: D:4-7

Altars:

Shops:
D:4 (

Annotations:
D:4 Robin


Innate Abilities, Weirdness & Mutations

You are resistant to damage.
You can heal yourself by infusing magical energy.
You passively map a small area around you.
You do not regenerate.


Message History

The ogre barely resists.
Casting: Pain
Confirm with . or Enter, or press ? or * to list all spells.
Aiming: Vampiric Draining
Press: ? - help, Shift-Dir - straight line, f/p - ogre
Aim: an ogre, wielding a giant spiked club (moderately wounded)
The ogre is severely wounded.
You feel life coursing into your body.
The ogre hits you with a giant spiked club!
* * * LOW HITPOINT WARNING * * *
Unknown command.
Unknown command.
Casting: Vampiric Draining
Confirm with . or Enter, or press ? or * to list all spells.
Aiming: Vampiric Draining
Press: ? - help, Shift-Dir - straight line, f/p - ogre
Aim: an ogre, wielding a giant spiked club (severely wounded)
You miscast Vampiric Draining.
Your bones ache.
The ogre hits you with a giant spiked club!
You die...

#...#...........
#...#.#......##
#.>.#.#......#
#...#.#####.## *
#...#.# *.# *
#.....## * ., ,
#...#..# ,
####...#..###
#...@###....###
#....O........##
#...............
#.......$......#
*
###.............
, #.............
#............# ,
#..........### ,
#.###.<#.....


You could see an ogre.

Vanquished Creatures
  A water moccasin skeleton (D:4)
  A scorpion (D:4)
  A worker ant (D:4)
  3 orcs (D:4)
  A giant cockroach (D:4)
  2 hobgoblins
  3 jackals (D:4)
  2 ball pythons
  4 bats
  3 goblins (D:4)
  A kobold (D:3)
  A quokka skeleton (D:3)
  2 rats (D:1)
25 creatures vanquished.

Notes
Turn   | Place    | Note
-------+----------+-------------------------------------------
     0 | D:1      | letownia2 the Deep Dwarf Necromancer began the quest for the Orb.
     0 | D:1      | Reached XP level 1. HP: 15/15 MP: 3/3
   249 | D:3      | Reached XP level 2. HP: 14/22 MP: 0/5
   454 | D:4      | Reached skill level 5 in Necromancy
   454 | D:4      | Reached XP level 3. HP: 13/28 MP: 0/6
   459 | D:4      | Learned a level 3 spell: Vampiric Draining
   786 | D:4      | Noticed a scorpion
   819 | D:4      | Killed a scorpion
   819 | D:4      | Reached skill level 6 in Necromancy
   819 | D:4      | Reached XP level 4. HP: 11/36 MP: 0/7
  1049 | D:4      | Found Lom Tydosa's Antique Weapon Boutique.
  1323 | D:4      | Reached XP level 5. HP: 17/42 MP: 8/8
  1569 | D:4      | Noticed Robin
  1635 | D:5      | Entered Level 5 of the Dungeon
  1678 | D:5      | Noticed an ogre
  1699 | D:5      | Slain by an ogre

Skill      XL: |  1  2  3 |
---------------+----------+-----
Spellcasting   | 2 |  2.1
Necromancy     | 5 6 |  6.8
Dodging        | |  2.1
Stealth        | |  2.4

Action                   |  1- 3 |  4- 6 || total
-------------------------+-------+-------++-------
Melee: Whip              |     7 |       ||     7
       Dagger            |       |    33 ||    33
Throw: Tomahawk          |     1 |     1 ||     2
 Cast: Pain              |    24 |     7 ||    31
       Vampiric Draining |     3 |     8 ||    11
 Stab: Sleeping          |     1 |       ||     1
  Eat: Chunk             |       |     3 ||     3
Armor: Ring mail         |     6 |    17 ||    23
Dodge: Dodged            |    22 |    26 ||    48
